 Dungeon Crawl Stone Soup version 0.14.1 (webtiles) character file.

17051 Glalom the Conjurer (level 12, 0/72 HPs)
             Began as a High Elf Fire Elementalist on Apr 28, 2014.
             Succumbed to a naga warrior's splash of poison
             ... on Level 3 of the Lair of Beasts on Apr 29, 2014.
             The game lasted 01:52:37 (14713 turns).

Glalom the Conjurer (High Elf Fire Elementalist)   Turns: 14713, Time: 01:52:37

HP   0/72        AC 15     Str 11      XL: 12   Next: 14%
MP  10/32        EV 15     Int 25      God:
Gold 137         SH  0     Dex 23      Spells:  4 memorised, 18 levels left

rFire  + . .     SeeInvis .     M - +4 falchion (pain)
rCold  . . .     Clarity  .     V - +2 ring mail of Stoush {Str+3 Dex+5}
rNeg   . . .     Conserve .     (no shield)
rPois  .         rCorr    .     c - +1 helmet {Int+3}
rElec  .         rRot     .     J - +1 cloak
SustAb . .       Spirit   +     (no gloves)
rMut   .         Warding  .     f - +0 pair of boots
Saprov . . .     Stasis   .     P - amulet of guardian spirit
MR     +....                    v - ring of protection from cold
                                g - ring of fire

@: lethally poisoned, somewhat resistant to hostile enchantments, very stealthy
A: slimy green scales 1, robust 1
a: no special abilities


You were on level 3 of the Lair of Beasts.
You were not hungry.

You visited 3 branches of the dungeon, and saw 12 of its levels.

You collected 618 gold pieces.
You spent 481 gold pieces at shops.

Inventory:

Hand weapons
 h - the +2,+0 glaive of Cheese {holy, rElec MR+, unknown}
   (You found it on level 3 of the Lair of Beasts)

   It has been blessed by the Shining One to cause great damage to the undead
   and demons.
   It insulates you from electricity.
   It affects your resistance to hostile enchantments.
 M - a +4,+4 falchion of pain (weapon)
Armour
 c - a +1 helmet of intelligence (worn)
 f - a +0 pair of boots (worn)
 J - a +1 cloak (worn)
 V - the +2 ring mail of Stoush (worn) {Str+3 Dex+5}
   (You found it on level 1 of the Lair of Beasts)

   It affects your strength (+3).
   It affects your dexterity (+5).
Magical devices
 d - a wand of slowing (6)
 k - a wand of fire (6) {unknown}
 w - a wand of lightning (9)
 G - a wand of confusion (12)
 N - a wand of digging (2)
 O - a wand of slowing (11)
Comestibles
 a - 2 cheeses
 j - 5 oranges
 A - 4 meat rations
Scrolls
 e - 2 scrolls of enchant armour
 i - 2 scrolls of recharging
 l - 4 scrolls of blinking
 m - 2 scrolls of fear
 t - 3 scrolls of remove curse
 y - a scroll of enchant weapon II
 H - 2 scrolls of enchant weapon I
 Q - 5 scrolls of teleportation
 W - 4 scrolls of identify
Jewellery
 g - a ring of fire (left hand)
 v - a ring of protection from cold (right hand)
 P - an amulet of guardian spirit (around neck)
Potions
 n - 4 potions of restore abilities
 q - a potion of might
Books
 b - a book of Flames

   Spells                             Type                      Level
   *Flame Tongue                      Conjuration/Fire             1
   Throw Flame                        Conjuration/Fire             2
   *Conjure Flame                     Conjuration/Fire             3
   Inner Flame                        Hexes/Fire                   3
   *Sticky Flame                      Conjuration/Fire             4
   *Fireball                          Conjuration/Fire             5
 L - a book of Annihilations

   Spells                             Type                      Level
   Poison Arrow                       Conjuration/Poison           6
   Chain Lightning                    Conjuration/Air              8
   Lehudib's Crystal Spear            Conjuration/Earth            8
   Glaciate                           Conjuration/Ice              9
   Fire Storm                         Conjuration/Fire             9


   Skills:
 + Level 3.6 Long Blades
 + Level 2.9 Armour
 - Level 8.3 Dodging
 - Level 9.0 Stealth
 - Level 10.0 Spellcasting
 - Level 10.7 Conjurations
 * Level 10.4 Fire Magic


You had 18 spell levels left.
You knew the following spells:

 Your Spells              Type           Power        Failure   Level  Hunger
a - Flame Tongue          Conj/Fire      #####        1%          1    None
b - Conjure Flame         Conj/Fire      #######.     1%          3    None
c - Sticky Flame          Conj/Fire      #######.     1%          4    None
d - Fireball              Conj/Fire      #######...   2%          5    ###....


Dungeon Overview and Level Annotations

Branches:
Dungeon (8/15)             Temple (1/1) D:5            Lair (3/8) D:8
  Swamp: Lair:3-6    Shoals: Lair:3-6     Snake: Lair:3-6    Spider: Lair:3-6

Altars:
Ashenzari
Dithmenos
Elyvilon
Fedhas
Kikubaaqudgha
Makhleb
Nemelex Xobeh
Okawaru
Trog
Vehumet
Xom
Yredelemnul
Zin
The Shining One

Shops:
D:4 *   D:7 ((=


Innate Abilities, Weirdness & Mutations

You are partially covered in slimy green scales (AC +2).
You are robust (+10% HP).


Message History

* * * LOW HITPOINT WARNING * * *
You feel sick.
Found 20 arrows.
* * * LOW HITPOINT WARNING * * *
You feel sick.
* * * LOW HITPOINT WARNING * * *
You feel sick.
Read which item? (? for menu, Esc to quit)
Unknown command.
* * * LOW HITPOINT WARNING * * *
You feel sick.
Casting: Flame Tongue
Confirm with . or Enter, or press ? or * to list all spells.
You can't see any susceptible monsters within range! (Use Z to cast anyway.)
* * * LOW HITPOINT WARNING * * *
You feel sick.
Casting: Flame Tongue
Confirm with . or Enter, or press ? or * to list all spells.
You can't see any susceptible monsters within range! (Use Z to cast anyway.)
You die...

....... ##..... D ###.(...# .
.. ##.......####...#
#f.......#.#P...# ##.
#...........f...## ....
#..#.........#..# ....
..#.####..#.....#..##.#
...........##.#.@.........#..#
...P....f...#...#..#..##.....##
...#...................#...#..#
...+.........................##
......>.....P.P...............#
.....f.#...#N...#........f..###
.....P......#............#...#
.......................#....##
.##P........#...#.....##.#.##


You could see a naga (wandering).

Vanquished Creatures
  A hydra (Lair:3)
  A naga warrior (Lair:3)
  Pikel (D:5)
  Maurice (D:8)
  6 elephants (Lair:3)
  3 black mambas
  9 spiny frogs
  5 komodo dragons
  4 blink frogs (Lair:3)
  A basilisk (Lair:2)
  2 hippogriffs (Lair:1)
  11 yaks
  2 nagas (Lair:3)
  A necrophage (D:6)
  An ice beast (D:5)
  3 water moccasins
  An orc warrior (D:8)
  2 porcupines (Lair:3)
  A black bear (D:7)
  9 ogres
  2 sky beasts
  A phantom (D:8)
  2 slaves (D:5)
  A centaur (D:6)
  3 crocodiles
  Sigmund (D:5)
  A big kobold (D:7)
  3 giant slugs
  A gnoll sergeant (D:7)
  Blork the orc (D:8)
  8 giant frogs
  An eye of draining (D:7)
  3 scorpions
  An electric eel (D:7)
  4 killer bees (D:7)
  A crimson imp (D:8)
  6 hounds
  3 orc priests
  2 big fish (D:7)
  4 iguanas
  4 orc wizards
  An orange rat (D:7)
  6 worker ants
  A killer bee zombie (D:6)
  7 sheep (Lair:3)
  An ogre zombie (D:6)
  A big kobold skeleton (D:6)
  A worker ant zombie (D:5)
  8 adders
  4 gnolls (D:7)
  25 green rats
  5 shadow imps
  An inept feature mimic (D:4)
  2 giant mites
  4 worms
  4 giant geckos
  32 orcs
  A bat skeleton (D:4)
  A bat zombie (D:7)
  12 goblins
  8 hobgoblins
  12 quokkas
  A ball python (D:4)
  11 bats
  7 giant cockroaches
  A giant gecko zombie (D:5)
  8 giant newts
  A giant newt skeleton (D:5)
  A goblin skeleton (D:5)
  A goblin zombie (D:6)
  15 jackals
  17 kobolds
  A kobold skeleton (D:6)
  An orc zombie (D:6)
  23 rats
  3 fungi
346 creatures vanquished.

Vanquished Creatures (others)
  A kobold (D:5)
  A fungus (Lair:3)
  A plant (D:8)
3 creatures vanquished.

Grand Total: 349 creatures vanquished

Notes
Turn   | Place    | Note
--------------------------------------------------------------
     0 | D:1      | Glalom, the High Elf Fire Elementalist, began the quest for the Orb.
     0 | D:1      | Reached XP level 1. HP: 11/11 MP: 4/4
   298 | D:1      | Reached XP level 2. HP: 17/17 MP: 4/6
  1449 | D:2      | Reached XP level 3. HP: 17/21 MP: 2/8
  2387 | D:3      | Learned a level 3 spell: Conjure Flame
  2440 | D:3      | Reached XP level 4. HP: 24/27 MP: 0/12
  3198 | D:4      | Noticed an ogre
  3265 | D:4      | Killed an ogre
  3265 | D:4      | Reached skill level 4 in Fire Magic
  3265 | D:4      | Reached XP level 5. HP: 20/31 MP: 3/15
  3601 | D:4      | Learned a level 4 spell: Sticky Flame
  3622 | D:4      | Noticed an ogre
  3641 | D:4      | Killed an ogre
  3641 | D:4      | Reached XP level 6. HP: 34/36 MP: 6/18
  3669 | D:4      | Found Qabisat's General Store.
  3682 | D:4      | Bought a potion of curing for 26 gold pieces
  4160 | D:5      | Entered Level 5 of the Dungeon
  4235 | D:5      | Noticed Pikel
  4279 | D:5      | Killed Pikel
  4279 | D:5      | Reached skill level 5 in Spellcasting
  4279 | D:5      | Reached skill level 6 in Conjurations
  4279 | D:5      | Reached skill level 5 in Fire Magic
  4279 | D:5      | Reached XP level 7. HP: 39/41 MP: 0/22
  4543 | D:5      | Reached XP level 8. HP: 46/46 MP: 13/23
  4587 | D:5      | Noticed Sigmund
  4637 | D:5      | Found a staircase to the Ecumenical Temple.
  4653 | D:5      | Killed Sigmund
  4653 | D:5      | Reached skill level 7 in Conjurations
  4734 | Temple   | Entered the Ecumenical Temple
  5382 | D:6      | Reached skill level 8 in Conjurations
  5383 | D:6      | HP: 2/46 [poisoned by a worker ant]
  5888 | D:6      | Reached XP level 9. HP: 12/51 MP: 20/26
  5934 | D:6      | Learned a level 5 spell: Fireball
  6806 | D:6      | Reached skill level 9 in Conjurations
  7007 | D:7      | Found Mnem's Antique Weapon Emporium.
  7382 | D:7      | Found Orunirph's Weapon Boutique.
  7495 | D:7      | Upgraded the game from 0.14.0-26-g1682e81 to 0.14.1
  8581 | D:7      | Found Kochuirch's Jewellery Shop.
  8657 | D:7      | Found a bloodstained altar of Trog.
  8748 | D:8      | Noticed Maurice
  8762 | D:8      | Killed Maurice
  8762 | D:8      | Reached skill level 10 in Conjurations
  8762 | D:8      | Reached XP level 10. HP: 56/56 MP: 21/29
  8948 | D:8      | Noticed Blork the orc
  8974 | D:8      | Killed Blork the orc
  9101 | D:8      | Found a staircase to the Lair.
  9448 | Lair:1   | Entered Level 1 of the Lair of Beasts
  9816 | Lair:1   | Noticed a black mamba
  9832 | Lair:1   | Killed a black mamba
 10252 | Lair:1   | Reached skill level 10 in Spellcasting
 10619 | Lair:1   | Got a distressingly furry ring mail
 10628 | Lair:1   | Identified the +2 ring mail of Stoush {Str+3 Dex+5} (You found it on level 1 of the Lair of Beasts)
 10899 | Lair:1   | You fall through a shaft!
 11429 | Lair:2   | Reached skill level 5 in Dodging
 11429 | Lair:2   | Reached skill level 5 in Stealth
 11429 | Lair:2   | Reached XP level 11. HP: 41/61 MP: 10/31
 12547 | D:4      | Bought a potion of beneficial mutation for 455 gold pieces
 12549 | D:4      | Gained mutation: You are partially covered in slimy green scales (AC +2). [potion of beneficial mutation]
 13261 | Lair:3   | HP: 3/61 [yak (7)]
 13656 | Lair:3   | Noticed a six-headed hydra
 13682 | Lair:3   | Killed a six-headed hydra
 13954 | Lair:3   | Got a twisted glaive
 14057 | Lair:3   | Reached skill level 1 in Long Blades
 14062 | Lair:3   | Reached skill level 1 in Armour
 14260 | Lair:3   | Reached skill level 10 in Fire Magic
 14475 | Lair:3   | Reached XP level 12. HP: 64/66 MP: 25/32
 14550 | Lair:3   | Noticed a naga warrior
 14691 | Lair:3   | Killed a naga warrior
 14692 | Lair:3   | Gained mutation: Armour fits poorly on your strangely shaped body. [potion of mutation]
 14692 | Lair:3   | Gained mutation: You are robust (+10% HP). [potion of mutation]
 14692 | Lair:3   | Lost mutation: Armour fits poorly on your strangely shaped body. [potion of mutation]
 14699 | Lair:3   | Noticed a four-headed hydra
 14705 | Lair:3   | HP: 3/72 [poisoned by a naga warrior (splash of poison)]
 14709 | Lair:3   | HP: 1/72 [poisoned by a naga warrior (splash of poison)]
 14713 | Lair:3   | Succumbed to a naga warrior's splash of poison

Action                   |  1- 3 |  4- 6 |  7- 9 | 10-12 || total
-------------------------+-------+-------+-------+-------++-------
Melee: Short sword       |     2 |    25 |       |       ||    27
       Falchion          |       |       |    55 |    86 ||   141
       Whip              |       |       |     1 |       ||     1
 Cast: Flame Tongue      |    74 |   114 |   236 |   232 ||   656
       Conjure Flame     |     1 |     5 |       |     4 ||    10
       Sticky Flame      |       |     1 |    23 |    65 ||    89
       Fireball          |       |       |     8 |    23 ||    31
Evoke: Wand              |       |       |       |     5 ||     5
  Use: Scroll            |     2 |     1 |    19 |     2 ||    24
       Potion            |       |       |     2 |     7 ||     9
